 Dungeon Crawl Stone Soup version 0.20.0 (webtiles) character file.

170 Danakh the Chopper (level 5, -1/32 HPs)
             Began as a Tengu Warper on May 31, 2017.
             Killed by divine providence
             ... invoked by an orc priest
              (12 damage)
             ... on level 3 of the Dungeon.
             The game lasted 00:07:48 (2056 turns).

Danakh the Chopper (Tengu Warper)                   Turns: 2056, Time: 00:07:48

Health: -1/32      AC:  7    Str: 12    XL:     5   Next: 50%
Magic:  9/9        EV:  8    Int: 14    God:
Gold:   72         SH:  7    Dex: 13    Spells: 6/8 levels left

rFire    . . .     SeeInvis .   k - +0 war axe
rCold    . . .     Gourm    .   v - +0 shield
rNeg     . . .     Faith    .   h - +1 ring mail
rPois    .         Spirit   .   (helmet restricted)
rElec    .         Reflect  .   (no cloak)
rCorr    .         Harm     .   p - +0 pair of gloves
MR       .....                  (boots unavailable)
Stlth    +.........             u - amulet of inaccuracy (curse)
Regen    0.1/turn               (no ring)
MPRegen  0.2/turn               (no ring)

@: no status effects
A: beak, talons 3, able to fly 1
a: Fly


You were on level 3 of the Dungeon.
You were not hungry.

You visited 1 branch of the dungeon, and saw 3 of its levels.

You collected 72 gold pieces.

Inventory:

Hand Weapons
 a - a +0 hand axe
 k - a +0 war axe (weapon)
Missiles
 e - 5 tomahawks of dispersal (quivered)
Armour
 b - a +0 leather armour
 h - a +1 ring mail (worn)
 p - a +0 pair of gloves (worn)
 v - a +0 shield (worn)
Jewellery
 i - a +2 amulet of reflection
 u - a cursed amulet of inaccuracy (around neck)
Scrolls
 d - a scroll of blinking
 g - a scroll of teleportation
 m - 4 scrolls of identify
 y - a scroll of recharging {unknown}
Potions
 j - a potion of cancellation {unknown}
 l - 2 potions of heal wounds
 o - 2 potions of brilliance {unknown}
 q - 2 potions of mutation
 r - a potion of haste
 t - a potion of lignification {unknown}
 w - 2 potions of curing
Books
 c - a book of Spatial Translocations

   Spells                             Type                      Level
   a - Blink                          Translocation                2
   b - Shroud of Golubria             Charms/Translocation         2
   c - Lesser Beckoning               Translocation                3
   d - Gell's Gravitas                Translocation                3
   e - Teleport Other                 Translocation                3
   f - Passage of Golubria            Translocation                4
Comestibles
 f - 2 bread rations
 n - a royal jelly
 s - a meat ration
 x - 2 chunks of flesh


   Skills:
 + Level 3.3 Fighting
 * Level 4.3 Axes
 - Level 1.0 Throwing
 + Level 2.5 Armour
 - Level 2.1 Dodging
 + Level 1.1 Shields
 - Level 2.0 Spellcasting
 - Level 2.4 Translocations


You had 6 spell levels left.
You knew the following spells:

 Your Spells              Type           Power        Failure   Level  Hunger
b - Blink                 Tloc           N/A          87%         2    ###....


Dungeon Overview and Level Annotations

Branches:
Dungeon (3/15)

Altars:
Gozag
Nemelex Xobeh
Uskayaw


Innate Abilities, Weirdness & Mutations

You have a beak for a mouth.
You have claws for feet.
You can fly.


Message History

You block the orc's attack.
The orc priest hits you but does no damage.
Unknown command.
You slash the orc priest!
The orc priest is heavily wounded.
You closely miss the orc. x2; The orc barely misses you.
The orc closely misses you.
The orc priest hits you with a falchion.
The orc barely misses you. The orc hits you but does no damage.
Unknown command.
You closely miss the orc priest. You claw the orc priest.
You peck the orc priest.
The orc priest is almost dead.
You closely miss the orc.
Your shield and ring mail prevent you from hitting the orc.
The orc priest hits you but does no damage.
The orc hits you but does no damage. x2
The orc priest calls down the wrath of Beogh upon you.
Beogh smites you!
You die...

....._.......≈#......#
#.#
####...########......#
#.#
§§##...##§§§###......#
#.#
.§.#...#§.§§§##......#
#.#
§.§#...#§§§§§##......#
#.#
§§§#.≈.#§§§§§##......#
#.#
§§##...##§.§###.....%#
#.#####
####...########......#
#.....#
####'''########o@.####
#.###.# ...#.....#
#...oo.# #.# #.#
...#.....# #......#
### #.#### ...#.....#
#......# #....#
...#.....###......#
#.....
...#.....'.'......#
#.#..#
####.....###÷.....#
#.#..#
#.....###......#
#.#..#
#..............# #
#.#..#


You could see an orc priest and 2 orcs.

Vanquished Creatures
  An orc priest (D:3)
  An orc wizard (D:3)
  5 adders
  An ooze (D:2)
  2 dart slugs (D:2)
  A leopard gecko (D:1)
  6 orcs (D:3)
  2 giant cockroaches
  9 goblins
  6 hobgoblins
  3 jackals (D:1)
  2 quokkas
  10 bats
  2 frilled lizards
  4 kobolds
  6 rats
61 creatures vanquished.

Vanquished Creatures (others)
  A bat (D:3)
1 creature vanquished.

Grand Total: 62 creatures vanquished

Notes
Turn   | Place    | Note
-------+----------+-------------------------------------------
     0 | D:1      | Danakh the Tengu Warper began the quest for the Orb.
     0 | D:1      | Reached XP level 1. HP: 12/12 MP: 4/4
    93 | D:1      | Reached XP level 2. HP: 17/18 MP: 6/6
   201 | D:1      | Reached skill level 3 in Axes
   382 | D:1      | Reached XP level 3. HP: 22/22 MP: 7/7
   456 | D:1      | Learned a level 2 spell: Blink
   528 | D:2      | Found a hide-covered altar of Uskayaw.
   618 | D:2      | Reached XP level 4. HP: 25/27 MP: 8/8
   652 | D:2      | Found an opulent altar of Gozag.
  1460 | D:3      | Reached skill level 4 in Axes
  1545 | D:3      | Gained mutation: You can fly. [Tengu growth]
  1545 | D:3      | Reached XP level 5. HP: 15/32 MP: 9/9
  1761 | D:3      | Found a sparkling altar of Nemelex Xobeh.
  1927 | D:3      | Reached skill level 1 in Shields
  2056 | D:3      | Killed from afar by an orc priest

Skill      XL: |  1  2  3  4  5 |
---------------+----------------+-----
Axes           | 3 4 |  4.3
Armour         | 2 |  2.5
Fighting       | 3 |  3.3
Shields        | 1 |  1.1
Throwing       | |  1.0
Dodging        | |  2.1
Spellcasting   | |  2.0
Translocations | |  2.4

Action                   |  1- 3 |  4- 6 || total
-------------------------+-------+-------++-------
Melee: Hand axe          |    83 |   100 ||   183
       Peck              |    10 |    19 ||    29
       Kick              |     9 |    33 ||    42
       War axe           |       |    63 ||    63
  Use: Scroll            |     3 |     4 ||     7
       Potion            |     1 |       ||     1
  Eat: Chunk             |       |     3 ||     3
       Fruit             |       |     1 ||     1
Armor: Leather armour    |     7 |       ||     7
       Ring mail         |    27 |    96 ||   123
Dodge: Dodged            |    55 |    67 ||   122
Block: Other             |     5 |       ||     5
       Shield            |       |    62 ||    62
